 Dungeon Crawl Stone Soup version 0.19.5 (webtiles) character file.

263 Azzok the Archer (level 5, -6/41 HPs)
             Began as a Centaur Hunter on June 22, 2017.
             Killed by nerve-wracking pain
             ... invoked by Grinder
              (11 damage)
             ... while paralysed by Grinder
             ... on level 3 of the Dungeon.
             The game lasted 00:06:59 (3146 turns).

Azzok the Archer (Centaur Hunter)                   Turns: 3146, Time: 00:06:59

Health: -6/41      AC:  6    Str: 16    XL:     5   Next: 98%
Magic:  5/5        EV:  1    Int: 10    God:
Gold:   186        SH:  0    Dex:  9    Spells: 0 memorised, 4 levels left

rFire  . . .     SeeInvis .     b - +0 short sword (protect)
rCold  . . .     Gourm    .     e - +0 scale mail
rNeg   . . .     Faith    .     (no shield)
rPois  .         Spirit   .     (no helmet)
rElec  .         Reflect  .     (no cloak)
rCorr  .         Harm     .     (no gloves)
MR     .....                    (no barding)
Stlth  ..........               (no amulet)
                                (no ring)
                                (no ring)

@: paralysed, slowed, very quick
A: hooves 3, deformed body, speed 2, tough skin 3
a: no special abilities


You were on level 3 of the Dungeon.
You were not hungry.

You visited 1 branch of the dungeon, and saw 3 of its levels.

You collected 186 gold pieces.

Inventory:

Hand Weapons
 a - a +1 shortbow
 b - a +0 short sword of protection (weapon)
Missiles
 d - 33 arrows
Armour
 e - a +0 scale mail (worn)
Scrolls
 c - a scroll of fear {unknown}
 h - a scroll of remove curse {unknown}
 j - 2 scrolls of fog {unknown}
 q - a scroll of amnesia {unknown}
 s - a scroll of recharging {unknown}
 v - a scroll of teleportation {unknown}
Potions
 g - a potion of curing {unknown}
 i - a potion of might {unknown}
 k - a potion of cure mutation {unknown}
 l - 2 potions of haste {unknown}
 m - a potion of mutation {unknown}
 o - a potion of flight {unknown}
 r - a potion of cancellation {unknown}
 u - a potion of heal wounds {unknown}
 w - a potion of berserk rage {unknown}
Comestibles
 f - 2 bread rations {@e1}
 n - a chunk of flesh {@w0}
 p - 3 fruits
 t - 2 beef jerkies


   Skills:
 - Level 2.0 Fighting
 * Level 9.5 Bows
 - Level 1.3 Dodging
 - Level 0.4 Stealth


You had 4 spell levels left.
You didn't know any spells.

Dungeon Overview and Level Annotations

Branches:
Dungeon (3/15)

Altars:
Ashenzari

Annotations:
D:3 Grinder


Innate Abilities, Weirdness & Mutations

You have hooves in place of feet.
Armour fits poorly on your strangely shaped body.
You cover ground very quickly.
You have extremely tough skin. (AC +3)


Message History

Aim: Grinder (heavily wounded)
Okay, then.
Your +0 short sword of protection hums with potential!
b - a +0 short sword of protection (weapon)
Grinder gestures at you. Pain shoots through your body!
* * * LOW HITPOINT WARNING * * *
You take 14 damage, and have 12/41 hp.
MASSIVE DAMAGE!!
You barely miss Grinder. Your kick misses Grinder.
Grinder is heavily wounded.
Grinder gestures at you.
You suddenly lose the ability to move!
Grinder hits you but does no damage. Grinder hits you.
* * * LOW HITPOINT WARNING * * *
You writhe in agony.
* * * LOW HITPOINT WARNING * * *
Grinder gestures at you. Pain shoots through your body!
You die...

···▒▒ ▒····▒···▒···
··(·▒▒▒···········▒·
···········▒'▒·····
▒)·▒▒▒············
▒···▒▒···········▒
▒·····l5·······▒>·
▒·▒▒····▒▒▒▒▒····▒ ▒·▒·l·····▒▒
▒··(▒ ▒▒▒▒▒ ▒@▒·▒▒▒▒···▒ ▒····
▒▒▒▒▒▒···▒ ▒·5·▒ ▒▒··▒▒▒··▒·
·········▒ ▒▒▒▒▒·▒▒▒▒▒····<··▒▒
·········▒▒▒▒▒·····(··▒▒▒▒·······
····[<·························▒▒
···········))·········▒▒▒▒·······
·········▒▒▒▒·················▒▒▒
·········▒ ▒▒·········▒(······▒▒▒
·········▒▒▒············▒▒▒····▒▒


You could see Grinder.

Vanquished Creatures
  A scorpion (D:2)
  2 orc priests (D:3)
  An orc wizard (D:3)
  2 adders (D:2)
  2 oozes
  3 worms
  2 dart slugs
  2 leopard geckos (D:3)
  4 orcs
  2 giant cockroaches
  9 goblins
  9 hobgoblins
  11 jackals
  A quokka (D:2)
  A ball python (D:1)
  10 bats
  3 frilled lizards
  6 kobolds
  5 rats
76 creatures vanquished.

Notes
Turn   | Place    | Note
-------+----------+-------------------------------------------
     0 | D:1      | Azzok the Centaur Hunter began the quest for the Orb.
     0 | D:1      | Reached XP level 1. HP: 17/17 MP: 1/1
   203 | D:1      | Reached XP level 2. HP: 19/24 MP: 2/2
   215 | D:1      | Reached skill level 6 in Bows
   726 | D:1      | Reached XP level 3. HP: 29/29 MP: 3/3
  1093 | D:2      | Reached skill level 7 in Bows
  1716 | D:2      | Reached XP level 4. HP: 36/36 MP: 4/4
  2532 | D:3      | Reached skill level 8 in Bows
  2537 | D:3      | Reached XP level 5. HP: 16/41 MP: 5/5
  2839 | D:2      | Reached skill level 9 in Bows
  2990 | D:3      | Found a faded altar of an unknown god.
  3095 | D:3      | Found a shattered altar of Ashenzari.
  3097 | D:3      | Noticed Grinder
  3143 | D:3      | Paralysed by Grinder for 5 turns
  3146 | D:3      | Killed from afar by Grinder

Skill      XL: |  1  2  3  4  5 |
---------------+----------------+-----
Bows           | 6 7 8 9 |  9.5
Fighting       | |  2.0
Dodging        | |  1.3
Stealth        | |  0.4

Action                   |  1- 3 |  4- 6 || total
-------------------------+-------+-------++-------
Melee: Short sword       |   215 |   167 ||   382
       Kick              |    41 |    35 ||    76
 Fire: Shortbow          |       |    38 ||    38
  Eat: Chunk             |     2 |     5 ||     7
Armor: Scale mail        |   128 |   102 ||   230
       Leather armour    |     2 |       ||     2
Dodge: Dodged            |    81 |    53 ||   134
